 Dungeon Crawl Stone Soup version 0.29-a0-451-gfbfa42419e (console) character file.

Game seed: 223770691547505403

60 Faeu the Sneak (level 3, 0/24 HPs)
             Began as a Vampire Enchanter on May 19, 2022.
             Slain by a gnoll
             ... wielding a +2 whip of electrocution
              (19 damage)
             ... on level 3 of the Dungeon.
             The game lasted 00:07:05 (1441 turns).

Faeu the Sneak (Vampire Enchanter)                  Turns: 1441, Time: 00:07:06

Health: 0/24       AC:  2    Str:  7    XL:     3   Next: 80%
Magic:  6/6        EV: 12    Int: 17    God:
Gold:   11         SH:  0    Dex: 16    Spells: 6/6 levels left

rFire   . . .      SeeInvis +   f - +0 dagger (vamp)
rCold   . . .      Faith    .   (no shield)
rNeg    . . .      Spirit   .   b - +0 robe
rPois   .          Reflect  .   (no helmet)
rElec   .          Harm     .   (no cloak)
rCorr   .          Rampage  .   (no gloves)
Will    .....                   (no boots)
Stlth   +++.......              (no amulet)
HPRegen 0.28/turn               (no ring)
MPRegen 0.10/turn               (no ring)

@: healing quickly
A: alive, fangs 3, see invisible, vampiric 2
a: Exsanguinate


You were on level 3 of the Dungeon.
You visited 1 branch of the dungeon, and saw 3 of its levels.

You collected 11 gold pieces.

Inventory:

Hand Weapons
 a - a +1 dagger
 f - a +0 vampiric dagger (weapon)
Missiles
 j - 2 boomerangs (quivered)
Armour
 b - a +0 robe (worn)
Scrolls
 g - 4 scrolls of identify {unknown}
 h - a scroll of summoning {unknown}
 i - a scroll of blinking {unknown}
 m - a scroll of fog {unknown}
 o - a scroll of magic mapping {unknown}
Potions
 c - 2 potions of invisibility
 d - a potion of lignification {unknown}
 e - 2 potions of curing {unknown}
 k - a potion of flight {unknown}
 l - a potion of heal wounds {unknown}
 n - a potion of haste {unknown}


   Skills:
 - Level 1.1 Short Blades
 - Level 2.1 Dodging
 + Level 6.0 Stealth
 - Level 2.0 Spellcasting
 + Level 5.8 Hexes


You had 6 spell levels left.
You didn't know any spells.
Your spell library contained the following spells:

 Spells                   Type           Power      Damage    Failure   Level
 Confusing Touch          Hex            21%        N/A       5%          3
 Tukima's Dance           Hex            21%        N/A       5%          3
 Ensorcelled Hibernation  Hex/Ice        22%        N/A       9%          2
 Dazzling Flash           Conj/Hex       22%        N/A       17%         3
 Magic Dart               Conj           4%         1d3       19%         1
 Searing Ray              Conj           2%         2d4       28%         2
 Sublimation of Blood     Necr           1%         N/A       28%         2
 Wereblood                Tmut           1%         N/A       28%         2
 Fulminant Prism          Conj/Hex       5%         3d7       50%         4
 Summon Hydra             Summ           0%         N/A       100%        7


Dungeon Overview and Level Annotations

Branches:
Dungeon (3/15)

Altars:


Innate Abilities, Weirdness & Mutations

Your natural rate of healing is accelerated.
You have razor-sharp teeth.
You have supernaturally acute eyesight. (SInv)
You are afflicted with vampirism and can become a bat while bloodless.


Message History

The goblin hits you but does no damage.
A goblin is nearby!
You hit the goblin.
You feel better.
You kill the goblin!
You see here a +0 dagger.
Found a stone staircase leading up.
No target in view!
o - a scroll labelled DEBYETTATUA No target in view!
An endoplasm comes into view.
The endoplasm moves out of view.
No target in view!
A ball python comes into view.
A ball python is nearby!
A ball python is nearby!
A ball python is nearby!
You barely miss the ball python. The ball python barely misses you.
The ball python misses you. The ball python barely misses you.
The ball python grabs you. The ball python constricts you.
A ball python is nearby!
You hit the ball python.
You feel better.
The ball python is moderately wounded.
The ball python bites you. The ball python constricts you.
A ball python is nearby!
You hit the ball python.
You feel better.
The ball python is almost dead.
The ball python closely misses you. The ball python constricts you.
A ball python is nearby!
You hit the ball python.
You kill the ball python!
There is a stone staircase leading up here. 2 gnolls come into view.
A gnoll is wielding a +2 whip of electrocution.
The gnoll shouts!
The gnoll misses you.
You hit the gnoll but do no damage.
The gnoll hits you with a +2 whip of electrocution.
You are electrocuted!!
Ouch! That really hurt!
You die...

.#
##.#.###~~............~~##.##
.#####.#.#.##~~..........~~##
...........# #~~... ...~~#
######.##### #.# #.#
#.######### #.........#
#########.# #.######...
#..@gg..... ###########


You could see 2 gnolls.

Vanquished Creatures
  An adder (D:3)
  2 dart slugs (D:1)
  An orc (D:3)
  A ball python (D:3)
  5 bats (D:1)
  3 giant cockroaches (D:1)
  5 goblins
  3 hobgoblins (D:1)
  2 jackals (D:1)
  A quokka (D:1)
  4 frilled lizards (D:1)
  10 kobolds
  6 rats
44 creatures vanquished.

Notes
Turn   | Place    | Note
-------+----------+-------------------------------------------
     0 | D:1      | Faeu the Vampire Enchanter began the quest for the Orb.
     0 | D:1      | Reached XP level 1. HP: 13/13 MP: 3/3
   157 | D:1      | Reached skill level 5 in Stealth
   157 | D:1      | Reached XP level 2. HP: 17/19 MP: 5/5
   192 | D:1      | Reached skill level 5 in Hexes
   483 | D:1      | Gained mutation: You are afflicted with vampirism and can
                  | become a bat while bloodless. [Vampire growth]
   483 | D:1      | Reached XP level 3. HP: 24/24 MP: 6/6
  1299 | D:3      | Reached skill level 6 in Stealth
  1441 | D:3      | Slain by a gnoll

Illustrated notes

Levels and vault maps discovered:
D:1:      elethiomel_arrival_diamonds, layout_rooms
D:2:      layout_basic, basic_altar, minmay_crystal_water,
          minmay_rat_gold_closets
D:3:      layout_loops_ring, hellmonk_ecumenical_altar_blasted,
          kennysheep_big_empty_room

Skill      XL: |  1  2  3 |
---------------+----------+-----
Stealth        | 5 6 |  6.0
Hexes          | 5 |  5.8
Short Blades   | |  1.1
Dodging        | |  2.1
Spellcasting   | |  2.0

Action                   || total
-------------------------++-------
Melee: Dagger            ||   186
       Bite              ||    17
 Stab: Sleeping          ||     6
Armor: Robe              ||    41
Dodge: Dodged            ||   109

Table legend: (Time is in decaauts)
 A = Elapsed time spent in this place.
 B = Non-inter-level travel time spent in this place.
 C = Inter-level travel time spent in this place.
 D = Time resting spent in this place.
 E = Time spent auto-exploring this place.
 F = Levels seen in this place.
 G = Mean time per level.
                   A        B        C        D        E       F      G
               +--------+--------+--------+--------+--------+-----+--------+
         Total |   1428 |   1351 |     77 |      0 |    916 |   3 |  476.0 |
       Dungeon |   1428 |   1351 |     77 |      0 |    916 |   3 |  476.0 |
               +--------+--------+--------+--------+--------+-----+--------+

Top non-repeatable levels by time:
     D:1: 849 daAuts
     D:3: 292 daAuts
     D:2: 286 daAuts
